 Dungeon Crawl Stone Soup version 0.27-a0-660-g90476cec82 (webtiles) character file.

Game seed: 1938500960659442660

69 tilp the Sneak (level 4, -2/30 HPs)
             Began as an Octopode Transmuter on Mar 16, 2021.
             Slain by a gnoll
             ... wielding a +0 spear
              (8 damage)
             ... on level 2 of the Dungeon.
             The game lasted 00:02:12 (1936 turns).

tilp the Sneak (Octopode Transmuter)                Turns: 1936, Time: 00:02:13

Health: -2/30      AC:  1    Str:  9    XL:     4   Next: 20%
Magic:  3/7        EV: 13    Int: 16    God:
Gold:   36         SH:  0    Dex: 12    Spells: 4/7 levels left

rFire    . . .     SeeInvis .     - Unarmed
rCold    . . .     Faith    .   (no shield)
rNeg     . . .     Spirit   .   (helmet currently unavailable)
rPois    .         Reflect  .   (no amulet)
rElec    .         Harm     .   (no ring)
rCorr    .         Rampage  .   (no ring)
Will     .....                  (no ring)
Stlth    +++.......             (no ring)
HPRegen  0.10/turn              (no ring)
MPRegen  0.10/turn              (no ring)
                                (no ring)
                                (no ring)

@: appendages, wereblooded, very slightly contaminated
A: tentacle spike 3, almost no armour, amphibious, 8 rings, camouflage 1,
gelatinous body 1, nimble swimmer 1, tentacles
a: End Transformation


You were on level 2 of the Dungeon.
One of your tentacles had grown a beastly spike.
You visited 1 branch of the dungeon, and saw 2 of its levels.

You collected 36 gold pieces.

Inventory:

Missiles
 c - 49 stones
 g - 3 javelins (quivered)
Scrolls
 b - a scroll of teleportation
Potions
 a - a potion of invisibility


   Skills:
 + Level 2.6 Fighting
 - Level 2.0 Dodging
 - Level 4.0 Stealth
 - Level 3.0 Unarmed Combat
 - Level 2.0 Spellcasting
 - Level 2.0 Transmutations


You had 4 spell levels left.
You knew the following spells:

 Your Spells              Type           Power      Damage    Failure   Level
a - Beastly Appendage     Tmut           16%        N/A       9%          1
b - Wereblood             Tmut           8%         N/A       14%         2

Your spell library contained the following spells:

 Spells                   Type           Power      Damage    Failure   Level
 Spider Form              Tmut/Pois      2%         N/A       38%         3
 Ice Form                 Ice/Tmut       4%         N/A       80%         4
 Blade Hands              Tmut           4%         N/A       94%         5


Dungeon Overview and Level Annotations

Branches:
Dungeon (2/15)

Altars:


Innate Abilities, Weirdness & Mutations

One of your tentacles has grown a beastly spike.
You cannot wear most types of armour.
You are amphibious.
You can wear up to eight rings at the same time.
Your skin changes colour to match your surroundings (Stealth+).
Your rubbery body absorbs attacks. (AC +1, EV +1)
You are stealthy while swimming. (Stealth+)
You have tentacles for arms and can constrict up to eight enemies at once.


Message History

Your tentacle spike disappears.
You howl as the wereblood boils in your veins!
You hear a shout!
The rat twitches its whiskers.
The rat bites you but does no damage.
Your primal bloodlust is almost over.
You howl as the wereblood boils in your veins!
The rat barely misses you.
Your primal bloodlust has ended.
Casting: Wereblood (safe; 14% risk of failure)
Confirm with . or Enter, or press ? or * to list all spells.
You miscast Beastly Appendage.
You are very lightly contaminated with residual magic.
Nothing appears to happen.
The rat bites you but does no damage.
Casting: Beastly Appendage (safe; 9% risk of failure)
Confirm with . or Enter, or press ? or * to list all spells.
One of your tentacles grows a vicious spike.
The rat misses you.
Casting: Beastly Appendage (safe; 9% risk of failure)
Confirm with . or Enter, or press ? or * to list all spells.
Your blood is infused with primal strength.
The rat barely misses you.
You tentacle-slap the rat but do no damage.
You grab the rat.
You pierce the rat.
You kill the rat!
You howl as the wereblood boils in your veins!
The gnoll misses you.
The gnoll hits you from afar with a +0 spear.
The gnoll closely misses you. The gnoll misses you.
You tentacle-slap the gnoll. Your grab misses the gnoll.
Your squeeze misses the gnoll.
The gnoll is lightly wounded.
The gnoll barely misses you.
The gnoll hits you from afar with a +0 spear! x2
* * * LOW HITPOINT WARNING * * *
You barely miss the gnoll. Your grab misses the gnoll.
You pierce the gnoll.
You squeeze the gnoll.
The gnoll is almost dead.
The gnoll hits you with a +0 spear!
You die...

........###.#..## #......
.........##...## (............###
.........###.w.# ............##.#
)............#.####
........##.....g.g#
........####....#.# #########
.........# ####g@.# ##...#<..##
.........# ##..####....)....#
.........## #................#
..........#######...............#
................................#
...............................##
......................#...#...##
##..........>...<.....#########
#.....................#


You could see a worm and 3 gnolls.

Vanquished Creatures
  A gnoll (D:1)
  2 adders (D:2)
  An ooze (D:1)
  A dart slug (D:1)
  3 giant cockroaches (D:1)
  5 goblins (D:1)
  7 hobgoblins
  3 bats (D:1)
  3 frilled lizards (D:1)
  3 kobolds (D:1)
  6 rats
35 creatures vanquished.

Notes
Turn   | Place    | Note
-------+----------+-------------------------------------------
     0 | D:1      | tilp the Octopode Transmuter began the quest for the Orb.
     0 | D:1      | Reached XP level 1. HP: 13/13 MP: 3/3
    25 | D:1      | Reached skill level 1 in Stealth
    77 | D:1      | Reached skill level 2 in Stealth
    95 | D:1      | Reached XP level 2. HP: 13/18 MP: 3/5
   178 | D:1      | Learned a level 2 spell: Wereblood
   347 | D:1      | Reached skill level 3 in Stealth
   866 | D:1      | Reached skill level 4 in Stealth
   866 | D:1      | Reached XP level 3. HP: 18/23 MP: 4/6
  1455 | D:2      | Found a faded altar of an unknown god.
  1461 | D:2      | Reached XP level 4. HP: 19/29 MP: 3/7
  1936 | D:2      | Slain by a gnoll

Illustrated notes

Levels and vault maps discovered:
D:1:      psy_arrival_terrarium, layout_basic
D:2:      layout_rooms, lemuel_coloured_pillars_altar,
          chequers_ecumenical_altar_simple, minmay_misc_feat_plants

Skill      XL: |  1  2  3 |
---------------+----------+-----
Stealth        | 2 4 |  4.0
Fighting       | 2 |  2.6
Dodging        | |  2.0
Unarmed Combat | |  3.0
Spellcasting   | |  2.0
Transmutations | |  2.0

Action                   |  1- 3 |  4- 6 || total
-------------------------+-------+-------++-------
Melee: Unarmed           |    59 |    14 ||    73
       Constrict         |    22 |     2 ||    24
       Kick              |    15 |     2 ||    17
       Tentacles         |     8 |     1 ||     9
 Cast: Beastly Appendage |    20 |     3 ||    23
       Wereblood         |     3 |     3 ||     6
  Use: Scroll            |     5 |       ||     5
 Stab: Sleeping          |     9 |     1 ||    10
Armor: Skin              |    11 |     5 ||    16
Dodge: Dodged            |    35 |    20 ||    55

Table legend: (Time is in decaauts)
 A = Elapsed time spent in this place.
 B = Non-inter-level travel time spent in this place.
 C = Inter-level travel time spent in this place.
 D = Time resting spent in this place.
 E = Time spent auto-exploring this place.
 F = Levels seen in this place.
 G = Mean time per level.
                   A        B        C        D        E       F      G
               +--------+--------+--------+--------+--------+-----+--------+
         Total |   1933 |   1892 |     41 |    326 |   1236 |   2 |  966.5 |
       Dungeon |   1933 |   1892 |     41 |    326 |   1236 |   2 |  966.5 |
               +--------+--------+--------+--------+--------+-----+--------+

Top non-repeatable levels by time:
     D:1: 1411 daAuts
     D:2: 521 daAuts
